Map: Ruins of Seras

Players

천제일우 - Winner!

  • Race: Protoss Protoss
  • League: Silver

Nero

  • Race: Protoss Protoss

VOD

Have the link to the VOD?

Description

Time

  • Played on: Jan. 25, 2016, 9:02 a.m.
  • Length: 2:58
Show
View Real Time Build Order
Export as new Build Order

천제일우 Protoss - Winner!

Build Orders:  

Get SALT Encoding   

  12  0:03  Probe (Chrono Boost)  
  13  0:13  Probe (Chrono Boost)  
  14  0:20  Pylon  
  14  0:24  Probe (Chrono Boost)  
  15  0:39  Probe (Chrono Boost)  
  16  0:44  Gateway  
  16  0:49  Probe (Chrono Boost)  
  17  1:00  Probe (Chrono Boost)  
  18  1:05  Forge  
  18  1:23  Pylon  
  18  1:27  Probe (Chrono Boost)  
  19  1:34  Zealot  
  19  1:39  Probe (Chrono Boost)  
  22  1:49  Photon Cannon  
  22  1:51  Photon Cannon  
  22  1:53  Pylon  
  22  1:56  Probe (Chrono Boost)  
  23  2:11  Photon Cannon  
  23  2:26  Photon Cannon  
  23  2:33  Photon Cannon  
  23  2:48  Photon Cannon  
  24  2:57  Cybernetics Core  
Show
View Real Time Build Order
Export as new Build Order

Nero Protoss 

Build Orders:  

Get SALT Encoding   

  12  0:01  Probe (Chrono Boost)  
  13  0:12  Probe (Chrono Boost)  
  14  0:19  Pylon  
  14  0:25  Probe (Chrono Boost)  
  15  0:38  Probe (Chrono Boost)  
  16  0:48  Probe (Chrono Boost)  
  17  1:07  Nexus  
  17  1:12  Probe (Chrono Boost)  
  18  1:20  Gateway  
  18  1:27  Pylon  
  18  1:38  Assimilator  
  18  1:49  Probe (Chrono Boost)  
  19  1:59  Probe (Chrono Boost)  
  20  2:10  Zealot  
  22  2:18  Gateway  
Tags
 
League
Silver
Matchup
PvP
Replay Pack
rep
Add a new tag
Caveats
  • Supply blocks, unpowered buildings, or Contaminate may cause inaccurate times.
  • Supply counts are checked every 10 seconds.